 Dungeon Crawl Stone Soup version 0.27-a0-1136-g0b992a5a9d (webtiles) character file.

Game seed: 14944117344201217008

13001 jestyr24 the Thaumaturge (level 12, -12/77 HPs)
             Began as a Djinni Conjurer on May 4, 2021.
             Was an Elder of Elyvilon.
             Splashed by an acid dragon's acid (13 damage)
             ... on level 11 of the Dungeon.
             The game lasted 00:56:51 (14841 turns).

jestyr24 the Thaumaturge (Djinni Conjurer)         Turns: 14841, Time: 00:56:51

Health: -12/77     AC:  6    Str:  6    XL:     12   Next: 1%
Gold:   1610       EV: 18    Int: 24    God:    Elyvilon [****..] SH:  5 Dex: 13

rFire    + + .     SeeInvis .   i - staff of conjuration
rCold    x . .     Faith    .   m - +0 buckler
rNeg     . . .     Spirit   .   E - +0 robe
rPois    ∞         Reflect  .   B - +0 helmet
rElec    .         Harm     .   A - +0 cloak
rCorr    .         Rampage  .   (no gloves)
Will     +....                  (boots unavailable)
Stlth    +++.......             (no amulet)
HPRegen  0.22/turn              s - +4 ring of evasion
MPRegen  0.00/turn              (no ring)

@: flying
A: sickness immunity, fire resistance 2, cold vulnerability 1, float, innate
caster, hp casting, extra vitality 1, iridescent scales 1
a: Renounce Religion, Lesser Healing, Heal Other, Purification, Greater Healing,
Divine Protection


You were on level 11 of the Dungeon.
You worshipped Elyvilon.
Elyvilon was greatly pleased with you.
You visited 1 branch of the dungeon, and saw 11 of its levels.

You collected 1610 gold pieces.

Inventory:

Hand Weapons
 a - the +10 spear of Pestilence {flame, rC++ rN+}
   (You found it on level 6 of the Dungeon)

   It has been specially enchanted to burn those struck by it, causing extra
   injury to most foes and up to half again as much damage against particularly
   susceptible opponents.
   It greatly protects you from cold.
   It protects you from negative energy.
 b - the +8 whip "Cecacs" {vorpal, *Noise *Slow Str+8 Stlth+}
   (You found it on level 6 of the Dungeon)

   It inflicts extra damage upon your enemies.
   It affects your strength (+8).
   It may make noises in combat.
   It may slow you when you take damage.
   It makes you more stealthy.
Missiles
 e - 23 poisoned darts
 f - 7 silver javelins
 y - 17 boomerangs
 G - 6 throwing nets
Armour
 m - a +0 buckler (worn)
 A - a +0 cloak (worn)
 B - a +0 helmet (worn)
 C - a +0 kite shield
 E - a +0 robe (worn)
Magical Staves
 i - a staff of conjuration (weapon)
Jewellery
 s - a +4 ring of evasion (left hand)
Wands
 v - a wand of flame (22)
Scrolls
 c - 2 scrolls of fog
 g - a scroll of brand weapon
 j - 2 scrolls of immolation
 q - a scroll of acquirement
 w - 5 scrolls of teleportation
 x - a scroll of magic mapping
Potions
 d - 2 potions of ambrosia {unknown}
 h - 4 potions of haste
 k - a potion of brilliance {unknown}
 l - a potion of cancellation {unknown}
 n - 3 potions of might
 o - a potion of lignification
 p - 4 potions of curing
 r - a potion of magic {unknown}
 u - a potion of attraction {unknown}
 F - 3 potions of heal wounds


   Skills:
 + Level 3.6 Fighting
 - Level 0.7 Polearms
 * Level 6.5 Dodging
 + Level 5.2 Stealth
 - Level 4.2 Shields
 + Level 13.5 Spellcasting


You had 9 spell levels left.
You knew the following spells:

 Your Spells              Type           Power      Damage    Failure   Level
a - Magic Dart            Conj           100%       1d8       0%          1
b - Searing Ray           Conj           100%       3d7       1%          2
c - Dazzling Flash        Conj/Hex       100%       N/A       1%          3
d - Fulminant Prism       Conj/Hex       44%        3d20      1%          4
e - Iskenderun's Mystic   Conj/Tloc      89%        2d17      1%          4
f - Foxfire               Conj/Fire      100%       2x1d9     0%          1
g - Slow                  Hex            69%        N/A       1%          2
h - Ozocubu's Armour      Ice            69%        N/A       1%          3
i - Cause Fear            Hex            34%        N/A       1%          4
j - Yara's Violent Unrav  Hex/Tmut       34%        3d14      1%          5
Your spell library was empty.

Dungeon Overview and Level Annotations

Branches:
Dungeon (11/15)            Temple (0/1) D:6            Lair (0/6) D:8
    Orc (0/2) D:9

Altars:
Ashenzari
Cheibriados
Dithmenos
Elyvilon
Fedhas
Hepliaklqana
Kikubaaqudgha
Makhleb
Okawaru
Qazlal
Ru
Sif Muna
Uskayaw
Wu Jian
Yredelemnul
The Shining One


Innate Abilities, Weirdness & Mutations

You are immune to sickness and miasma.
You are immune to poison.
Your flesh is very heat resistant. (rF++)
You are vulnerable to cold. (rC-)
You float through the air rather than walking.
You learn spells naturally, not from books.
Your magical power is your life essence.
You have superior vitality. (+4 HP)
You are partially covered in iridescent scales. (AC +2)


Message History

You have reached level 12!
Your experience leads to an increase in your attributes!
Increase (S)trength, (I)ntelligence, or (D)exterity?
You feel clever.
You feel agile.
Casting: Iskenderun's Mystic Blast (safe; 1% risk of failure)
Confirm with . or Enter, or press ? or * to list all spells.
Aiming: Fulminant Prism (safe; 1% risk of failure)
Press: ? - help, Dir - move target You feel a surge of power!
You conjure a prism of explosive energy!
A fulminant prism comes into view.
The boulder beetle curls into a ball and begins rolling!
Casting: Fulminant Prism (safe; 1% risk of failure)
Confirm with . or Enter, or press ? or * to list all spells.
Aiming: Searing Ray (safe; 1% risk of failure)
Press: ? - help, Shift-Dir - straight line, f - boulder beetle
Aim: a boulder beetle (severely wounded, rolling, ally target, 100% to hit)
You feel a surge of power!
The searing ray hits the boulder beetle.
The boulder beetle is severely wounded. (Press . to maintain the ray.)
* * * LOW HITPOINT WARNING * * *
An acid dragon comes into view.
Your fulminant prism crackles loudly.
Casting: Searing Ray (safe; 1% risk of failure)
Confirm with . or Enter, or press ? or * to list all spells.
You feel a surge of power!
You erupt in a blast of force!
The mystic blast hits the boulder beetle.
The boulder beetle is heavily wounded.
The boulder beetle is knocked back by the mystic blast.
The mystic blast hits the boulder beetle but does no damage.
The boulder beetle is severely wounded.
* * * LOW HITPOINT WARNING * * *
The boulder beetle barely misses you.
The boulder beetle stops rolling and uncurls.
The acid dragon spits acid at you. The splash of acid hits you!!
* * * LOW HITPOINT WARNING * * *
You are splashed with acid!
You die...

## #.. ..# #
#.# .#
#)###)###.#
#.)))...#
#.@.).8.#
#.B)....#
...°.⌠....D
###.°.*°..##
#.8...B.#
#.......#
.###.###.# #
.# #.


You could see 2 boulder beetles, an acid dragon (catching breath) and a friendly
fulminant prism.

Vanquished Creatures
  Harold (D:9)
  A hydra (D:11)
  A two-headed ogre (D:9)
  A cyclops (D:8)
  3 kobold demonologists (D:11)
  A hornet (D:7)
  A troll (D:10)
  Grinder (D:5)
  A slime creature (D:11)
  Prince Ribbit (D:7)
  10 yaks (D:10)
  A shadow (D:9)
  Eustachio (D:4)
  A warg (D:9)
  4 steam dragons
  Edmund (D:4)
  An acid dragon (D:8)
  2 water moccasins
  Duvessa (D:4)
  4 sky beasts
  4 orc warriors
  A hornet zombie (D:7)
  5 ice beasts
  3 black bears (D:6)
  4 necrophages
  2 ogres
  3 centaurs
  A wyvern zombie (D:5)
  A bullfrog (D:9)
  A gnoll sergeant (D:6)
  4 scorpions
  Dowan (D:4)
  20 killer bees
  5 wights
  5 centaur zombies
  7 howler monkeys
  A bullfrog zombie (D:5)
  5 hounds
  4 gnoll shamans
  A human zombie (D:5)
  An orc priest (D:9)
  Crazy Yiuf (D:5)
  Jessica (D:3)
  5 iguanas
  Terence (D:3)
  Natasha (thrice) (D:3)
  2 orc wizards
  2 killer bee zombies
  A hound skeleton (D:4)
  3 howler monkey zombies
  A mummy (D:5)
  28 gnolls
  9 adders
  A shadow imp (D:6)
  3 white imps
  2 adder zombies (D:5)
  2 worms
  A dart slug (D:4)
  18 orcs
  8 ball pythons
  11 endoplasms
  6 giant cockroaches
  5 goblins (D:1)
  7 hobgoblins
  6 jackals
  2 quokkas
  5 bats
  5 frilled lizards
  11 kobolds
  4 rats
271 creatures vanquished.

Vanquished Creatures (others)
  51 fulminant prisms
  A fungus (D:8)
  6 plants
58 creatures vanquished.

Grand Total: 329 creatures vanquished

Notes
Turn   | Place    | Note
-------+----------+-------------------------------------------
     0 | D:1      | jestyr24 the Djinni Conjurer began the quest for the Orb.
     0 | D:1      | Reached XP level 1. HP: 15/15 MP: 0/0
   209 | D:1      | Reached XP level 2. HP: 18/21 MP: 0/0
   437 | D:1      | Reached skill level 4 in Spellcasting
   803 | D:1      | Reached XP level 3. HP: 19/25 MP: 0/0
   803 | D:1      | Learned a level 1 spell: Foxfire
   877 | D:1      | Found a faded altar of an unknown god.
  1680 | D:2      | Reached XP level 4. HP: 14/31 MP: 0/0
  1951 | D:2      | Reached skill level 5 in Spellcasting
  2095 | D:2      | Noticed a scorpion
  2101 | D:2      | Killed a scorpion
  2102 | D:2      | Reached XP level 5. HP: 27/35 MP: 0/0
  2102 | D:2      | Learned a level 2 spell: Slow
  3123 | D:3      | Noticed Natasha
  3127 | D:3      | Killed Natasha
  3128 | D:3      | Reached XP level 6. HP: 21/40 MP: 0/0
  3187 | D:3      | Noticed Natasha
  3192 | D:3      | Killed Natasha
  3390 | D:3      | Noticed Natasha
  3394 | D:3      | Killed Natasha
  3395 | D:3      | Reached skill level 6 in Spellcasting
  3456 | D:3      | Noticed Jessica
  3459 | D:3      | Killed Jessica
  3461 | D:3      | Noticed Terence
  3467 | D:3      | Killed Terence
  3941 | D:4      | Reached XP level 7. HP: 14/46 MP: 0/0
  3941 | D:4      | Learned a level 3 spell: Ozocubu's Armour
  3993 | D:4      | Noticed Duvessa
  4199 | D:4      | Noticed Dowan
  4200 | D:4      | Killed Duvessa
  4428 | D:4      | Noticed Eustachio
  4535 | D:4      | Reached skill level 1 in Fighting
  4538 | D:4      | Reached skill level 7 in Spellcasting
  4539 | D:4      | Killed Dowan
  4700 | D:4      | Killed Eustachio
  4701 | D:4      | Reached XP level 8. HP: 32/52 MP: 0/0
  5169 | D:4      | Reached skill level 8 in Spellcasting
  5306 | D:4      | Found a hide-covered altar of Uskayaw.
  5351 | D:4      | Noticed Edmund
  5359 | D:4      | Killed Edmund
  5447 | D:4      | Found a white marble altar of Elyvilon.
  5503 | D:4      | Found an iron altar of Okawaru.
  5542 | D:4      | Became a worshipper of Elyvilon the Healer
  5562 | D:4      | Found an ornate altar of the Wu Jian Council.
  5601 | D:4      | Found a hazy altar of Hepliaklqana.
  5644 | D:5      | Entered Level 5 of the Dungeon
  5947 | D:5      | Noticed Grinder
  5961 | D:5      | Paralysed by Grinder for 5 turns
  5979 | D:5      | Killed Grinder
  5980 | D:5      | Reached skill level 9 in Spellcasting
  6429 | D:5      | Found a burning altar of Makhleb.
  6476 | D:5      | Reached XP level 9. HP: 39/58 MP: 0/0
  6476 | D:5      | Learned a level 4 spell: Cause Fear
  7318 | D:5      | Found a runed translucent door.
  7319 | D:5      | Noticed Crazy Yiuf
  7323 | D:5      | Killed Crazy Yiuf
  7324 | D:5      | Reached skill level 10 in Spellcasting
  7393 | D:6      | Reached * piety under Elyvilon
  7529 | D:6      | Identified the +10 spear of Pestilence {flame, rC++ rN+}
  7542 | D:6      | Identified the +8 whip "Cecacs" {vorpal, *Noise *Slow Str+8
                  | Stlth+}
  7891 | D:6      | Found a basalt altar of Yredelemnul.
  8116 | D:6      | Reached XP level 10. HP: 55/65 MP: 0/0
  8409 | D:6      | Reached skill level 11 in Spellcasting
  9030 | D:6      | Reached ** piety under Elyvilon
  9181 | D:6      | Found a staircase to the Ecumenical Temple.
  9309 | D:7      | Reached skill level 1 in Shields
  9441 | D:7      | Noticed Prince Ribbit
  9494 | D:7      | Killed Prince Ribbit
 10168 | D:7      | Found a sacrificial altar of Ru.
 10235 | D:8      | Noticed a cyclops
 10242 | D:8      | Killed a cyclops
 10457 | D:8      | Found a staircase to the Lair.
 10774 | D:8      | Found a shadowy altar of Dithmenos.
 11204 | D:8      | Reached skill level 5 in Stealth
 11204 | D:8      | Reached skill level 12 in Spellcasting
 11262 | D:8      | Reached *** piety under Elyvilon
 11351 | D:9      | Reached XP level 11. HP: 19/71 MP: 0/0
 11351 | D:9      | Learned a level 5 spell: Yara's Violent Unravelling
 11358 | D:9      | Gained mutation: You are partially covered in iridescent
                  | scales. (AC +2) [potion of mutation]
 11788 | D:9      | Found a blossoming altar of Fedhas.
 11789 | D:9      | Identified a scroll of acquirement
 11789 | D:9      | Acquired a staff of conjuration
 11861 | D:9      | Acquired 980 gold pieces
 12096 | D:9      | Noticed a two-headed ogre
 12102 | D:9      | Killed a two-headed ogre
 12103 | D:9      | Reached skill level 5 in Dodging
 12376 | D:9      | Found a glowing golden altar of the Shining One.
 12389 | D:9      | Found a broken altar of Ashenzari.
 12396 | D:9      | Found a snail-covered altar of Cheibriados.
 12593 | D:9      | Noticed Harold
 12600 | D:9      | Elyvilon protects you from harm!
 12601 | D:9      | Killed Harold
 12771 | D:9      | Found a staircase to the Orcish Mines.
 13223 | D:10     | Entered Level 10 of the Dungeon
 13223 | D:10     | Found a stormy altar of Qazlal.
 13488 | D:10     | Reached **** piety under Elyvilon
 14125 | D:10     | Reached skill level 13 in Spellcasting
 14829 | D:11     | Noticed a boulder beetle
 14829 | D:11     | Noticed a boulder beetle
 14832 | D:11     | Noticed a sun demon
 14832 | D:11     | Noticed an eight-headed hydra
 14837 | D:11     | Killed an eight-headed hydra
 14839 | D:11     | Reached XP level 12. HP: 28/77 MP: 0/0
 14841 | D:11     | HP: 1/77 [acid dragon/splash of acid (18)]
 14841 | D:11     | Splashed by an acid dragon's acid

Illustrated notes

Levels and vault maps discovered:
D:1:      heliophobic_arrival_enchanted_forest, layout_basic,
          hellmonk_ecumenical_altar_slurped_away, st_stairs_10,
          chequers_arboretum
D:2:      layout_loops_ring, kennysheep_generic_room_10
D:3:      layout_basic, nicolae_overflow_crystal_walls, bh_walls_and_bars,
          uniq_natasha, uniq_terence, uniq_jessica
D:4:      layout_cave_pools, amcnicky_altar_gilded, general_overflow_altar,
          okawaru_altar_gauntlet_db, kennysheep_mini_moat,
          nzn_wu_jian_council_hall, uniq_edmund, uniq_duvessa, uniq_eustachio
D:5:      layout_basic, overflow_temple_1_default,
          lemuel_mausoleum_altar_kikubaaqudgha, water_maze_lemuel,
          uniq_crazy_yiuf_cottage, uniq_grinder
D:6:      minmay_diamond_boxcup, layout_loops_ring, old_standard_altar,
          minmay_temple_entry_fiery, st_stairs_4, sword_in_stone
D:7:      layout_cave_pools, nicolae_ru_the_path_less_chosen,
          serial_bayou_pond_b, uniq_prince_ribbit1
D:8:      layout_loops_ring, grunt_dithmenos_smoke_and_mirrors,
          dpeg_oklobed_lair, serial_aquarium, aquarium_bridge_square
          [aquarium_subvault_wall, aquarium_subvault_bridge,
          aquarium_subvault_bridge, aquarium_subvault_bridge],
          aquarium_window_1, aquarium_window_1, aquarium_view_2a,
          aquarium_balcony_1b
D:9:      layout_loops_ring, minmay_overflow_temple_star_quad,
          lemuel_coloured_pillars_altar, david_orc_3, minmay_tree_intersection,
          uniq_harold
D:10:     layout_gridville, nicolae_qazlal_general_emergency,
          hangedman_decor_push
D:11:     minmay_inside_and_out, layout_basic, worms_lemuel

Skill      XL: |  1  2  3  4  5  6  7  8  9 10 11 |
---------------+----------------------------------+-----
Spellcasting   | 4 5 6 7 9 10 12 13 | 13.5
Stealth        | 2 3 4 5 |  5.2
Fighting       | 1 2 3 |  3.6
Dodging        | 3 4 6 |  6.5
Shields        | 3 4 |  4.2
Polearms       | |  0.7

Action                   |  1- 3 |  4- 6 |  7- 9 | 10-12 || total
-------------------------+-------+-------+-------+-------++-------
Melee: Spear             |       |       |     5 |    28 ||    33
 Cast: Magic Dart        |    70 |    80 |    28 |     2 ||   180
       Searing Ray       |     1 |     7 |    57 |   141 ||   206
       Fulminant Prism   |       |     4 |    23 |    25 ||    52
       Iskenderun's Myst |       |     3 |    22 |    44 ||    69
       Slow              |       |       |     1 |       ||     1
       Yara's Violent Un |       |       |       |     1 ||     1
  Use: Scroll            |       |       |     6 |    11 ||    17
       Potion            |       |       |       |     1 ||     1
 Stab: Sleeping          |       |       |       |     1 ||     1
Armor: Robe              |     1 |       |     3 |     9 ||    13
Dodge: Dodged            |     6 |    11 |    28 |    51 ||    96
Block: Buckler           |       |       |       |     2 ||     2

Table legend: (Time is in decaauts)
 A = Elapsed time spent in this place.
 B = Non-inter-level travel time spent in this place.
 C = Inter-level travel time spent in this place.
 D = Time resting spent in this place.
 E = Time spent auto-exploring this place.
 F = Levels seen in this place.
 G = Mean time per level.
                   A        B        C        D        E       F      G
               +--------+--------+--------+--------+--------+-----+--------+
         Total |  14844 |  14464 |    380 |   4143 |   8685 |  11 | 1349.5 |
       Dungeon |  14844 |  14464 |    380 |   4143 |   8685 |  11 | 1349.5 |
               +--------+--------+--------+--------+--------+-----+--------+

Top non-repeatable levels by time:
     D:6: 2092 daAuts
     D:3: 1991 daAuts
     D:9: 1887 daAuts
     D:5: 1739 daAuts
    D:10: 1602 daAuts
     D:1: 1370 daAuts
     D:2: 1278 daAuts
     D:8: 1127 daAuts
     D:4: 1007 daAuts
     D:7: 732 daAuts
    D:11: 14 daAuts
